 Dungeon Crawl Stone Soup version 0.31.0-9-g3a7656b989 (webtiles) character file.

Game seed: 16097403280178960094

100 EnegeticOcto the Trooper (level 5, -1/43 HPs)
             Began as a Formicid Shapeshifter on Feb 1, 2024.
             Slain by an orc
             ... wielding a +0 dagger
              (4 damage)
             ... on level 3 of the Dungeon.
             The game lasted 00:02:25 (2066 turns).

EnegeticOcto the Trooper (Formicid Shapeshifter)    Turns: 2066, Time: 00:02:25

Health: -1/43      AC:  2    Str: 27    XL:     5   Next: 3%
Magic:  5/5        EV: 12    Int:  9    God:
Gold:   139        SH:  0    Dex: 13    Spells: 4/4 levels left

rFire   . . .        s - +0 falchion (heavy)
rCold   . . .        (no shield)
rNeg    . . .        a - +0 animal skin
rPois   .            (helmet unavailable)
rElec   .            (cloak currently unavailable)
rCorr   .            (gloves currently unavailable)
SInv    +            (boots currently unavailable)
Will    .....        l - amulet of reflection
Stlth   +            g - +6 ring of strength
HPRegen 0.27/turn    (no ring)
MPRegen 0.09/turn

%: reflection
@: confused, beast-form
A: beast (slay +1), permanent stasis, dig shafts and tunnels, antennae 3, four
strong arms
a: Dig, Shaft Self, Begin Untransformation


You were on level 3 of the Dungeon.
You were a hulking beast.
You visited 1 branch of the dungeon, and saw 3 of its levels.

You collected 139 gold pieces.

Inventory:

Hand Weapons
 i - a +0 hand axe
   (You took it off an orc on level 2 of the Dungeon)
 m - a +0 sling
   (You found it on level 2 of the Dungeon)
 s - a +0 heavy falchion (weapon)
   (You found it on level 3 of the Dungeon)
Missiles
 j - a boomerang (quivered)
Armour
 a - a +0 animal skin (worn)
Jewellery
 g - a +6 ring of strength (left hand)
   (You found it on level 2 of the Dungeon)
 l - an amulet of reflection (around neck)
   (You found it on level 2 of the Dungeon)
 t - an amulet of guardian spirit
   (You found it on level 3 of the Dungeon)
Talismans
 c - a beast talisman
 d - a flux talisman
Scrolls
 e - a scroll of silence {unknown}
 h - a scroll of brand weapon {unknown}
 n - a scroll of noise {unknown}
 q - a scroll of blinking {unknown}
 r - 3 scrolls of identify {unknown}
Potions
 b - a potion of lignification {@q6}
 f - a potion of haste {unknown}
 k - a potion of enlightenment {unknown}
 o - 2 potions of curing {unknown}
 p - 2 potions of mutation {unknown}


   Skills:
 + Level 4.3 Fighting
 + Level 1.6 Ranged Weapons
 - Level 1.7 Dodging
 - Level 3.0 Unarmed Combat
 - Level 3.2 Shapeshifting


You had 4 spell levels left.
You didn't know any spells.
Your spell library contained the following spells:

 Spells                   Type           Power      Damage    Failure   Level
 Sting                    Conj/Alch      0%         1d3       38%         1
 Mercury Vapours          Alch/Air       0%         N/A       52%         2
 Olgreb's Toxic Radiance  Alch           0%         N/A       99%         4


Dungeon Overview and Level Annotations

Branches:
Dungeon (3/15) Zot: 15914

Altars:

Annotations:
D:1 exclusion: gnoll


Innate Abilities, Weirdness & Mutations

You are a hulking beast.
Your limbs bulge with bestial killing power. (Slay +1)
You cannot be hasted, slowed, berserked, paralysed or teleported.
You can dig through walls and to a lower floor.
You have a pair of large antennae on your head. (SInv)
Your four strong arms can wield two-handed weapons with a shield.


Message History

A kobold comes into view. It is wielding a +0 whip.
The kobold shouts!
A kobold is nearby!
You shoot a sling bullet. The sling bullet misses the kobold.
You shoot a sling bullet. The sling bullet hits the kobold!
You kill the kobold!
You have reached level 5!
Things that are here:
a +0 whip; a kobold corpse
Things that are here:
a +0 whip; a kobold corpse
t - an amulet of guardian spirit
r - 3 scrolls labelled ESHIRO VUMAT (gained 1)
You sense a monster nearby.
A goblin comes into view. It is wielding a +0 club.
You shoot a sling bullet.
The sling bullet completely misses the goblin.
The goblin shouts!
You shoot a sling bullet.
The sling bullet closely misses the goblin.
The goblin misses you. You block the goblin's attack.
You shoot a sling bullet. The sling bullet hits the goblin!
You kill the goblin!
No target in view!
No target in view!
Things that are here:
a +0 club; a goblin corpse You now have 139 gold pieces (gained 13).
Found an escape hatch in the floor.
You sense a monster nearby.
A quokka comes into view.
Found 7 stones.
The quokka moves out of view.
Found a stone staircase leading up.
An orc wizard comes into view. It is wielding a +0 dagger.
Found 9 gold pieces.
You shoot a sling bullet.
The sling bullet hits the orc wizard but does no damage.
The orc wizard shouts!
You hear a shout!
An orc comes into view.
It is wielding a +0 hand axe of flaming.
You shoot a sling bullet. The sling bullet hits the orc!
You kill the orc!
An orc comes into view. It is wielding a +0 dagger.
You shoot a sling bullet.
The sling bullet closely misses the orc wizard.
The orc shouts!
You hear a shout!
An orc comes into view. It is wielding a +0 morningstar.
You shoot a sling bullet. The sling bullet hits the orc wizard.
The orc wizard is lightly wounded.
You shoot a sling bullet. The sling bullet hits the quokka.
The quokka is almost dead.
A bat comes into view.
The quokka bites you.
The bat moves out of view.
You shoot a sling bullet.
The sling bullet hits the quokka but does no damage.
The quokka is almost dead.
You block the quokka's attack. The orc wizard casts a spell at you.
You are confused.
The quokka barely misses you.
You miss the orc wizard.
The orc wizard is lightly wounded.
The orc wizard gestures at you while chanting.
You are more confused.
The quokka bites you. The orc wizard barely misses you.
You barely miss the quokka.
The quokka is almost dead.
The bat closely misses you. The quokka closely misses you.
The orc wizard hits you with a +0 dagger.
The quokka barely misses you. The orc hits you but does no damage.
You barely miss the orc. The quokka bites you.
The orc hits you with a +0 dagger.
The orc wizard gestures at you while chanting.
You resist with some effort. The orc closely misses you.
The quokka closely misses you.
The orc wizard hits you with a +0 dagger.
The orc hits you with a +0 dagger. The orc hits you but does no damage.
You bump into the rock wall.
The quokka completely misses you.
The orc wizard hits you with a +0 dagger.
The orc misses you. The orc hits you with a +0 morningstar!
s - a +0 heavy falchion (weapon)
The quokka closely misses you.
You closely miss the orc wizard.
The orc wizard is lightly wounded.
The quokka bites you.
* * * LOW HITPOINT WARNING * * *
The orc hits you with a +0 dagger.
* * * LOW HITPOINT WARNING * * *
The orc wizard gestures at you while chanting.
You resist with some effort. The orc closely misses you.
The orc hits you with a +0 dagger.
* * * LOW HITPOINT WARNING * * *
The quokka bites you.
* * * LOW HITPOINT WARNING * * *
The orc wizard misses you. The orc barely misses you.
You bump into the rock wall.
The quokka bites you but does no damage.
The orc wizard closely misses you. The orc hits you with a +0 morningstar.
* * * LOW HITPOINT WARNING * * *
The orc hits you with a +0 dagger.
You die...

########
##......#
.#.......######
(.. #.........#
....#.#..####.#
......#..# #.#
#.......#
#)######
####.####.##
#......#
......ohr>#
######.#
#.....oo### #.#
....<#.b. #.#
.... #.... #.#
..# #..... #.#
), #...... #.#
,......$. #.#
#........ ##.#
# #..#


You could see an orc wizard, 2 orcs, a quokka and a bat.

Vanquished Creatures
  Natasha (D:2)
  2 adders (D:2)
  A ribbon worm (D:3)
  2 orcs
  4 endoplasms
  3 giant cockroaches
  3 goblins
  2 hobgoblins
  4 jackals (D:1)
  A quokka (D:1)
  6 ball pythons (D:1)
  7 bats (D:1)
  9 kobolds
  7 rats
52 creatures vanquished.

Notes
Turn   | Place    | Note
-------+----------+-------------------------------------------
     0 | D:1      | EnegeticOcto the Formicid Shapeshifter began the quest for
                  | the Orb.
     0 | D:1      | Reached XP level 1. HP: 15/15 MP: 1/1
   144 | D:1      | Reached skill level 2 in Fighting
   144 | D:1      | Reached XP level 2. HP: 21/22 MP: 2/2
   321 | D:1      | Reached skill level 3 in Fighting
   321 | D:1      | Reached XP level 3. HP: 29/29 MP: 3/3
  1233 | D:2      | Reached XP level 4. HP: 33/37 MP: 4/4
  1334 | D:2      | Reached skill level 4 in Fighting
  1418 | D:2      | Reached skill level 1 in Ranged Weapons
  1533 | D:2      | Noticed Natasha
  1547 | D:2      | Killed Natasha
  1924 | D:3      | Reached XP level 5. HP: 42/42 MP: 5/5
  2066 | D:3      | Slain by an orc

Illustrated notes

Levels and vault maps discovered:
D:1:      minmay_arrival_four_loops, layout_loops_ring, st_stairs_3
D:2:      layout_basic, uniq_natasha
D:3:      layout_loops_cross, hangedman_feature_mirror,
          minmay_fractal_squares_diagonal_5, uniq_grinder

Skill      XL: |  1  2  3  4 |
---------------+-------------+-----
Fighting       | 2 3 4 |  4.3
Ranged Weapons | 1 |  1.6
Dodging        | |  1.7
Unarmed Combat | |  3.0
Shapeshifting  | |  3.2

Action                     |  1- 3 |  4- 6 || total
---------------------------+-------+-------++-------
  Melee: Unarmed           |    90 |       ||    90
         Hand axe          |     5 |       ||     5
         Punch             |     1 |       ||     1
         Falchion          |       |     4 ||     4
         Sling             |       |     3 ||     3
   Fire: Sling             |     6 |    49 ||    55
 Armour: Animal skin       |    45 |    34 ||    79
  Dodge: Dodged            |    63 |    36 ||    99
  Block: Other             |       |     5 ||     5

Table legend:
 A = Kills in this place as a percentage of kills in the entire game.
 B = Kills by you in this place as a percentage of kills by you in the entire game.
 C = Kills by friends in this place as a percentage of kills by friends in the entire game.
 D = Other kills in this place as a percentage of other kills in the entire game.
 E = Experience gained in this place as a percentage of experience gained in the entire game.
 F = Experience gained in this place divided by the number of levels of this place that you have seen.
                   A       B       C       D       E      F
               +-------+-------+-------+-------+-------+----------------------
         Total | 100.0 | 100.0 |   N/A |   N/A | 100.0 |  48.0
       Dungeon | 100.0 | 100.0 |   N/A |   N/A | 100.0 |  48.0
               +-------+-------+-------+-------+-------+----------------------

Table legend: (Time is in decaauts)
 A = Elapsed time spent in this place.
 B = Non-inter-level travel time spent in this place.
 C = Inter-level travel time spent in this place.
 D = Time resting spent in this place.
 E = Time spent auto-exploring this place.
 F = Levels seen in this place.
 G = Mean time per level.
                   A        B        C        D        E       F      G
               +--------+--------+--------+--------+--------+-----+--------+
         Total |   2084 |   2030 |     54 |    122 |   1538 |   3 |  694.7 |
       Dungeon |   2084 |   2030 |     54 |    122 |   1538 |   3 |  694.7 |
               +--------+--------+--------+--------+--------+-----+--------+

Top non-repeatable levels by time:
     D:2: 911 daAuts
     D:1: 847 daAuts
     D:3: 325 daAuts
